Map: Kairos Junction LE

Players

goldenbat

  • Race: Terran Terran
  • League: Platinum
  • Spawn Location: 5:00

Havhok - Winner!

  • Race: Zerg Zerg
  • League: Platinum
  • Spawn Location: 11:00

VOD

Have the link to the VOD?

Description

Time

  • Played on: June 3, 2019, 12:51 p.m.
  • Length: 13:13
Show
View Real Time Build Order
Export as new Build Order

goldenbat Terran 

Build Orders:  

Get SALT Encoding   

  12  0:01  SCV  
  13  0:17  Supply Depot, SCV  
  14  0:29  SCV  
  15  0:40  Barracks  
  15  0:48  SCV  
  15  0:49  Refinery  
  16  1:00  SCV  
  17  1:12  SCV  
  18  1:25  SCV  
  20  1:32  Reaper  
  20  1:38  Command Center  
  20  1:48  Orbital Command  
  20  2:09  Refinery  
  20  2:14  SCV  
  21  2:26  Barracks Reactor, Supply Depot  
  21  2:34  Factory, SCV  
  22  2:46  SCV  
  23  2:51  Orbital Command  
  23  2:56  Supply Depot  
  23  2:58  SCV  
  24  3:10  SCV  
  24  3:11  Barracks Reactor  
  25  3:19  Starport  
  25  3:22  SCV  
  25  3:24  SCV  
  27  3:28  Hellion x2  
  31  3:46  SCV x2  
  33  3:48  Marine  
  33  3:49  Marine  
  33  3:50  Hellion x2  
  39  3:58  SCV x2  
  39  4:00  Supply Depot  
  39  4:01  Armory  
  41  4:05  Medivac  
  43  4:12  Hellion  
  43  4:14  Hellion  
  47  4:22  Liberator  
  47  4:23  Supply Depot  
  47  4:26  Marine x2  
  52  4:46  SCV x2  
  52  4:52  Supply Depot  
  54  4:55  Hellion x2  
  54  4:56  Marine x2  
  54  4:58  SCV x2  
  62  5:09  Hellion x6  
  62  5:14  Marine x2  
  62  5:17  Hellion x2  
  68  5:22  Medivac  
  61  5:45  Bunker  
  57  5:57  Marine x2  
  57  5:59  Hellion x2  
  53  6:15  Marine x2  
  50  6:20  Hellion x2  
  49  6:33  Marine  
  49  6:34  Marine  
  48  6:46  Hellbat x2  
  50  6:51  Marine  
  40  7:19  Marine  
  40  7:20  Marine  
  38  7:23  Hellbat x2  
  38  7:28  Medivac  
  34  7:56  Hellion x2  
  32  8:06  Marine x2  
  32  8:23  Marine  
  32  8:24  Marine  
  30  8:41  Marine x2  
  30  8:42  Hellion  
  30  8:43  Hellion  
  36  8:49  SCV x2  
  38  9:01  Supply Depot  
  38  9:04  Supply Depot  
  38  9:07  Supply Depot, SCV x2  
  38  9:09  Factory  
  40  9:14  Refinery  
  40  9:15  Refinery  
  40  9:24  SCV  
  40  9:25  SCV  
  40  9:28  Factory x2  
  40  9:30  Factory x2  
  42  9:33  Factory  
  42  9:34  Bunker  
  42  9:37  SCV x2  
  44  9:49  SCV x2  
  44  9:50  Armory  
  46  10:01  SCV x2  
  48  10:09  Factory Tech Lab  
  48  10:11  Barracks Tech Lab  
  48  10:12  Factory Tech Lab  
  48  10:13  Factory Tech Lab x2  
  48  10:15  Factory Tech Lab  
  48  10:18  Factory Tech Lab  
  48  10:29  SCV x2  
  50  10:40  Terran Vehicle Weapons Level 1  
  50  10:42  Siege Tank  
  53  10:44  SCV x2  
  55  10:56  SCV  
  59  11:00  Thor  
  62  11:12  SCV x2  
  62  11:15  Command Center  
  62  11:17  Siege Tank  
  67  11:22  Siege Tank  
  70  11:55  Supply Depot  
  70  11:56  Supply Depot  
  70  12:00  Supply Depot  
  70  12:01  Supply Depot  
  70  12:05  Hellbat x3, SCV x2  
  78  12:09  Supply Depot  
  78  12:16  Thor  
  78  12:17  SCV  
  78  12:20  Armory  
  78  12:21  SCV  
  86  12:29  SCV  
Show
View Real Time Build Order
Export as new Build Order

Havhok Zerg - Winner!

Build Orders: Hatch First 

Get SALT Encoding   

  12  0:01  Drone  
  13  0:13  Overlord  
  13  0:21  Drone  
  14  0:33  Drone x2  
  16  0:38  Drone  
  17  0:56  Hatchery  
  16  0:59  Drone  
  17  1:13  Spawning Pool  
  17  1:16  Drone  
  17  1:20  Drone  
  17  1:22  Drone  
  19  1:30  Drone  
  20  1:35  Extractor  
  19  1:46  Overlord  
  19  1:52  Drone  
  20  2:00  Queen  
  22  2:09  Queen  
  22  2:12  Drone  
  25  2:16  Drone  
  26  2:27  Drone x2  
  28  2:30  Drone  
  28  2:31  Drone  
  28  2:35  Overlord  
  30  2:50  Queen  
  32  2:55  Evolution Chamber  
  32  2:57  Drone x2  
  32  2:58  Drone x2  
  35  3:00  Lair  
  35  3:14  Roach Warren  
  35  3:15  Drone x3  
  35  3:16  Drone  
  35  3:17  Overlord  
  38  3:28  Evolution Chamber  
  38  3:31  Drone x3  
  38  3:32  Drone x2  
  42  3:43  Extractor  
  42  3:44  Overlord  
  42  3:46  Extractor  
  42  3:47  Drone  
  42  3:48  Drone  
  42  3:51  Zerg Missile Weapons Level 1  
  42  3:56  Drone x2  
  42  3:57  Drone x4  
  42  4:02  Glial Reconstitution  
  48  4:16  Roach  
  50  4:17  Roach  
  52  4:41  Roach x4  
  52  4:44  Overlord  
  60  4:45  Hatchery  
  60  4:47  Overlord  
  60  4:49  Overlord  
  59  5:04  Roach x4  
  59  5:05  Roach x4  
  75  5:20  Roach  
  75  5:21  Roach x2  
  81  5:53  Drone x3  
  81  5:55  Overlord  
  81  5:56  Overlord  
  81  5:57  Overlord  
  84  6:01  Hatchery  
  76  6:18  Drone x4  
  76  6:19  Drone x6  
  81  6:32  Drone  
  80  6:33  Drone  
  81  6:49  Drone x3  
  80  7:08  Roach x3  
  82  7:26  Extractor  
  81  7:35  Roach x6  
  81  7:36  Roach x3  
  97  8:08  Drone x7  
  97  8:09  Drone x4  
  104  8:48  Extractor  
  103  8:51  Extractor  
  102  8:59  Hatchery  
  101  9:04  Hydralisk Den  
  101  9:06  Spore Crawler  
  101  9:07  Spore Crawler  
  98  9:11  Hatchery  
  98  9:14  Drone  
  98  9:15  Drone x3  
  101  9:20  Drone  
  101  9:21  Drone x2  
  104  9:39  Grooved Spines  
  104  9:40  Hydralisk x5  
  114  9:46  Zerg Missile Weapons Level 2, Zerg Ground Armor Level 1  
  114  9:48  Overlord  
  114  9:49  Overlord x5  
  114  9:55  Spine Crawler  
  113  10:08  Drone x10  
  123  10:20  Hydralisk x7  
  137  10:44  Spore Crawler  
  137  10:45  Spore Crawler  
  137  10:47  Spine Crawler, Hydralisk x12  
  137  10:48  Hydralisk x2  
  162  10:50  Muscular Augments  
  162  10:51  Overlord  
  162  11:00  Infestation Pit  
  161  11:06  Hydralisk x4  
  161  11:07  Hydralisk x2  
  173  11:11  Overlord x2  
  173  11:12  Overlord  
  173  11:33  Extractor  
  173  11:35  Extractor  
  171  11:41  Hatchery  
  170  11:58  Hydralisk x6  
  170  12:01  Roach x9  
  200  12:09  Overseer  
  200  12:28  Spire  
Tags
 
Add a new tag
Caveats
  • Supply blocks, unpowered buildings, or Contaminate may cause inaccurate times.
  • Supply counts are checked every 10 seconds.